 Dungeon Sprint DCSS version bcrawl-1.19.2-6-g6a88ae04c9 (webtiles) character file.

Game seed: 14684479067303245950

1008 Freyura the Basher (level 8, 0/55 HPs)
             Began as a Gargoyle Fighter on Jan 5, 2020.
             Was an Initiate of Ru.
             Slain by a green very ugly thing (7 damage)
             ... in the Dungeon (Sprint IX: "|||||||||||||||||||||||||||||").
             The game lasted 00:03:29 (480 turns).

Freyura the Basher (Gargoyle Fighter)                Turns: 480, Time: 00:03:30

Health: 0/55       AC: 20    Str: 24    XL:     8   Next: 20%
Magic:  8/8        EV:  8    Int:  8    God:    Ru [......]
Gold:   0          SH: 11    Dex: 11    Spells: 7/7 levels left

rFire    . . .     SeeInvis .   a - +0 flail
rCold    + . .     Gourm    .   c - +0 shield
rNeg     + . .     Faith    .   t - +0 plate armour {rC+}
rPois    ∞         Spirit   .   (no helmet)
rElec    +         Reflect  .   q - +0 cloak
rCorr    .         Harm     .   (no gloves)
MR       .....     NoTele   +   (no boots)
Stlth    ..........             (no amulet)
HPRegen  0.18/turn              s - +3 ring of strength
MPRegen  0.11/turn              (no ring)

@: no status effects
A: negative energy resistance 1, electricity resistance, unbreathing,
petrification resistance, rot immunity, AC +5
a: Renounce Religion


You were in the Dungeon.
You worshipped Ru.
Ru was noncommittal.
You were not hungry.

You visited 1 branch

Inventory:

Hand Weapons
 a - a +0 flail (weapon)
Armour
 c - a +0 shield (worn)
 q - a +0 cloak (worn)
 t - a +0 plate armour of cold resistance (worn)
Jewellery
 s - a +3 ring of strength (left hand)
Wands
 o - a wand of acid (9)
Scrolls
 k - 2 scrolls of blinking
 m - 3 scrolls of remove curse
 n - 2 scrolls of amnesia
Potions
 d - a potion of might
 e - 5 potions of curing
 g - 3 potions of heal wounds
 h - a potion of haste
 i - 4 potions of magic
 l - a potion of invisibility
Comestibles
 f - a ration {!d}


   Skills:
 + Level 8.5 Fighting
 * Level 10.4 Maces & Flails
 + Level 8.5 Armour
 + Level 5.9 Dodging
 + Level 8.4 Shields


You had 7 spell levels left.
You didn't know any spells.
Your spell library was empty.

Dungeon Overview and Level Annotations

Branches:
Dungeon (1/1)

Altars:
Cheibriados
Dithmenos
Elyvilon
Fedhas
Gozag
Hepliaklqana
Kikubaaqudgha
Lugonu
Makhleb
Nemelex Xobeh
Okawaru
Qazlal
Ru
Sif Muna
Trog
Uskayaw
Vehumet
Wu Jian
Xom
Yredelemnul
Zin
The Shining One
Beogh
Jiyva


Innate Abilities, Weirdness & Mutations

You are resistant to torment.
Your stone body is resilient. (AC +5)
You are immune to poison.
You resist negative energy. (rN+)
You are resistant to electric shocks. (rElec)
You can survive without breathing.
You are immune to petrification.
You are immune to rotting.


Message History

The green very ugly thing bites you but does no damage.
You hit the green very ugly thing but do no damage.
The green very ugly thing is heavily wounded.
The two-headed ogre is no longer covered in acid.
You block the green very ugly thing's attack.
You barely miss the green very ugly thing.
The green very ugly thing is heavily wounded.
The green very ugly thing bites you but does no damage.
You barely miss the green very ugly thing.
The green very ugly thing is heavily wounded.
The green very ugly thing bites you!
* * * LOW HITPOINT WARNING * * *
You sock the green very ugly thing!
The green very ugly thing is heavily wounded.
The green very ugly thing bites you.
* * * LOW HITPOINT WARNING * * *
You thump the green very ugly thing!
The green very ugly thing is severely wounded.
The green very ugly thing bites you!
You die...

▓.▓
▓Z▓
▓h▓
▓D▓
▓O▓
▓O▓
▓u▓
▓@▓
▓.▓
▓.▓
▓.▓
▓)▓
▓(▓
▓'▓
▓.▓
▓.▓


You could see a green very ugly thing, a four-headed hydra, 2 two-headed ogres,
a hound and a bat zombie.

Vanquished Creatures
  A two-headed ogre (D)
  A kobold demonologist (D)
  A big kobold (D)
  A gnoll shaman (D)
  An adder (D)
  A leopard gecko (D)
  2 orcs (D)
  A bat zombie (D)
  A giant cockroach (D)
  2 hobgoblins (D)
  A quokka (D)
  A bat (D)
  A jackal zombie (D)
  A rat (D)
16 creatures vanquished.

Vanquished Creatures (others)
  A spatial maelstrom (D)
1 creature vanquished.

Grand Total: 17 creatures vanquished

Notes
Turn   | Place    | Note
-------+----------+-------------------------------------------
     0 | D        | Freyura the Gargoyle Fighter began the quest for the Orb.
     0 | D        | Reached XP level 1. HP: 14/14 MP: 1/1
     7 | D        | Banished a spatial maelstrom
    20 | D        | Noticed a gnoll shaman
    24 | D        | Reached skill level 3 in Maces & Flails
    24 | D        | Reached skill level 1 in Dodging
    24 | D        | Reached XP level 2. HP: 20/20 MP: 2/2
    46 | D        | Reached skill level 4 in Maces & Flails
    46 | D        | Reached XP level 3. HP: 3/24 MP: 3/3
    60 | D        | Found a roughly hewn altar of Beogh.
    60 | D        | Found a snail-covered altar of Cheibriados.
    60 | D        | Found a shadowy altar of Dithmenos.
    60 | D        | Found a white marble altar of Elyvilon.
    60 | D        | Found a blossoming altar of Fedhas.
    60 | D        | Found an opulent altar of Gozag.
    61 | D        | Found a hazy altar of Hepliaklqana.
    62 | D        | Found a viscous altar of Jiyva.
    63 | D        | Found an ancient bone altar of Kikubaaqudgha.
    64 | D        | Found a corrupted altar of Lugonu.
    65 | D        | Found a burning altar of Makhleb.
    66 | D        | Found a sparkling altar of Nemelex Xobeh.
    67 | D        | Found an iron altar of Okawaru.
    68 | D        | Found a stormy altar of Qazlal.
    69 | D        | Found a sacrificial altar of Ru.
    70 | D        | Found a shimmering blue altar of Sif Muna.
    71 | D        | Found a bloodstained altar of Trog.
    72 | D        | Found a hide-covered altar of Uskayaw.
    73 | D        | Found a radiant altar of Vehumet.
    74 | D        | Found an ornate altar of the Wu Jian Council.
    75 | D        | Found a shimmering altar of Xom.
    76 | D        | Found a basalt altar of Yredelemnul.
    77 | D        | Found a glowing silver altar of Zin.
    78 | D        | Found a glowing golden altar of the Shining One.
    95 | D        | Got the +3 war axe "Cimnomp" {freeze, rElec}
   124 | D        | Became a worshipper of Ru the Awakened
   294 | D        | Noticed a kobold demonologist
   294 | D        | Noticed a two-headed ogre
   294 | D        | Noticed a big kobold
   301 | D        | Killed a big kobold
   301 | D        | Reached skill level 5 in Fighting
   301 | D        | Reached skill level 5 in Maces & Flails
   301 | D        | Reached skill level 5 in Armour
   301 | D        | Reached skill level 5 in Shields
   301 | D        | Reached XP level 4. HP: 31/31 MP: 4/4
   301 | D        | Reached XP level 5. HP: 35/35 MP: 5/5
   308 | D        | Killed a two-headed ogre
   308 | D        | Reached skill level 9 in Maces & Flails
   308 | D        | Reached skill level 5 in Dodging
   308 | D        | Reached XP level 6. HP: 26/44 MP: 6/6
   308 | D        | Reached XP level 7. HP: 29/49 MP: 7/7
   318 | D        | Killed a kobold demonologist
   318 | D        | Reached skill level 10 in Maces & Flails
   318 | D        | Reached XP level 8. HP: 24/55 MP: 8/8
   466 | D        | Noticed a four-headed hydra
   466 | D        | Noticed a two-headed ogre
   466 | D        | Noticed a green very ugly thing
   466 | D        | Noticed a two-headed ogre
   480 | D        | Slain by a green very ugly thing

Skill      XL: |  1  2  3  4  5  6  7 |
---------------+----------------------+-----
Maces & Flails | 3 4 5 9 10 | 10.4
Dodging        | 1 2 5 |  5.9
Fighting       | 4 5 8 |  8.5
Armour         | 4 5 8 |  8.5
Shields        | 4 5 8 |  8.4

Action                   |  1- 3 |  4- 6 |  7- 9 || total
-------------------------+-------+-------+-------++-------
Melee: Flail             |    48 |     6 |    30 ||    84
Evoke: Wand              |       |       |     1 ||     1
  Use: Potion            |     1 |       |       ||     1
Armor: Scale mail        |    17 |       |       ||    17
       Plate armour      |       |     2 |    15 ||    17
Dodge: Dodged            |    11 |       |     4 ||    15
Block: Shield            |    19 |     3 |    12 ||    34
